[Event "Austrian Championship 2022"]
[Site "Vienna"]
[Date "2022.08.15"]
[Round "4.20"]
[White "Leitner, Gerald"]
[Black "Scheffknecht, Philipp"]
[Result "1/2-1/2"]
[ECO "D35"]
[WhiteElo "2145"]
[BlackElo "2093"]
[Annotator "TA"]
[PlyCount "90"]
[EventDate "2022.08.12"]
[EventType "swiss"]
[EventCountry "AUT"]
[SourceTitle "playchess.com"]
[Source "ChessBase"]
[SourceQuality "1"]
[TimeControl "40/5400+30:1800+30"]

1. d4 Nf6 2. Nf3 e6 3. c4 d5 4. Nc3 c6 5. cxd5 exd5 6. Qc2 Be7 7. Bf4 Nbd7 8. e3 O-O 9. Bd3 Re8 10. O-O Nf8 11. h3 Ne6 12. Bh2 $1 {[%emt 0:00:05] The main line 12.Bh2 scores better than 12.Be5. D35: Queen's Gambit Declined: Exchange Variation.} g6 13. Rab1 a5 {[%emt 0:05:56] [#]} 14. Rfc1 $146 {[%emt 0:06:22] White is slightly better.} ({Predecessor:} 14. a3 Ng7 15. b4 axb4 16. axb4 Bf5 17. b5 Bd6 18. Ne5 c5 19. Bxf5 Nxf5 20. Ng4 Bxh2+ 21. Nxh2 cxd4 22. exd4 Nxd4 {½-½ (57) Balakrishnan,P (2498)-Kozak,A (2503) Chess.com INT 2020}) 14... b5 15. Ne5 Bb7 16. Ne2 Rc8 17. Nf4 Nxf4 18. Bxf4 Kg7 19. Qe2 $36 {[%emt 0:09:56][%cal Of4h6][%mdl 2048] White is pushing.} Nd7 20. Rc2 Nxe5 21. Bxe5+ f6 22. Bf4 {[%emt 0:00:11] White is more active.} Bd6 23. Bxd6 Qxd6 24. Rc5 (24. a4 $16) 24... f5 {[%emt 0:03:08] [#]} (24... a4 $1 $14 {is more appropriate.}) 25. Qd2 ({White should play} 25. a4 $1 $16) 25... Re7 26. b3 (26. Qxa5 $6 Ra8 27. Qb4 Ra4 $11) 26... Rf8 27. g3 {[%emt 0:00:29] Against f4} ({Reject} 27. Qxa5 f4 $11) 27... Bc8 28. Bf1 (28. a4 $16) 28... g5 $11 29. Rbc1 Bd7 30. Qxa5 f4 31. exf4 gxf4 32. Qc3 (32. R5c3 $11) 32... Rf6 (32... Kg8 $17 {And now ...fxg3 would win.} 33. Bg2 b4) 33. Bg2 ({Better is} 33. g4 $11) 33... Re2 (33... b4 $15 34. Qf3 fxg3 35. Qxg3+ Qxg3 36. fxg3 Re2) 34. Rc2 (34. a4 $11) 34... Rxc2 $17 {[%emt 0:00:00][%mdl 64] Deflection} 35. Qxc2 fxg3 36. fxg3 Qxg3 37. Rc3 {[%emt 0:00:13] [#]} Qe1+ (37... Qf4 $1 $17 {Hoping for ...b4.} 38. Qd3 b4 39. Qg3+ Kh6) 38. Kh2 $11 {[%emt 0:00:01] The position is equal.} Qh4 (38... Bf5 $5 39. Qc1 Qxc1 40. Rxc1 b4 $11) 39. Rg3+ Rg6 40. Rxg6+ ({Much worse is} 40. Qf2 Qxg3+ 41. Qxg3 Rxg3 42. Kxg3 b4 $15) 40... hxg6 {[%emt 0:00:03] KQB-KQB} 41. Qd2 b4 42. Qxb4 Qf4+ 43. Kg1 Qe3+ 44. Kh1 Qc1+ 45. Kh2 Qf4+ {[%emt 0:00:07] Weighted Error Value: White=0.31/Black=0.21 (precise)} 1/2-1/2

[Event "Austrian Championship 2022"]
[Site "Vienna"]
[Date "2022.08.15"]
[Round "4.21"]
[White "Bauer, Thomas"]
[Black "Kersten, Julian"]
[Result "1-0"]
[ECO "C07"]
[WhiteElo "2228"]
[BlackElo "1999"]
[Annotator "TA"]
[PlyCount "51"]
[EventDate "2022.08.12"]
[EventType "swiss"]
[EventCountry "AUT"]
[SourceTitle "playchess.com"]
[Source "ChessBase"]
[SourceQuality "1"]
[TimeControl "40/5400+30:1800+30"]

1. e4 e6 2. d4 d5 3. Nd2 c5 4. exd5 Qxd5 5. Ngf3 cxd4 6. Bc4 Qd7 {[%emt 0:00:23] C07: French Tarrasch: 3...c5, 4 Ngf3 and 4 exd5 Qxd5.} 7. O-O {[%emt 0:00:06][%mdl 1024] White has compensation.} Nc6 8. Qe2 a6 {[%emt 0:04:35] The position is equal.} 9. a4 Nf6 10. Nb3 Bd6 11. Bg5 Qc7 12. Rfd1 {[%emt 0:03:59] [#]} Ng4 $146 ({Predecessor:} 12... Ne5 13. Nxe5 Bxe5 14. h3 h6 15. Bd2 O-O 16. Bb4 Re8 17. Nxd4 Nd5 18. Nf3 Nxb4 19. Nxe5 {½-½ (41) Ristic,N (2337)-Narayanan,S (2296) Chess.com INT 2021}) 13. Nbxd4 O-O (13... h6 $1 $11 14. Bc1 (14. Nxc6 hxg5 15. Nxg5 Be7 $15) 14... Bxh2+ 15. Kf1 Nce5) 14. Nxc6 $14 Bxh2+ {[%emt 0:06:42] This move loses the game for Black.} ({Black should try} 14... bxc6 $14 15. g3 Bc5) 15. Kh1 bxc6 16. g3 {[%emt 0:04:36] Inhibits Bf4.} Bxg3 17. fxg3 Qxg3 {[%emt 0:00:34] [#] Hoping for ...Nf2+.} 18. Bh4 $36 {[%emt 0:01:21][%mdl 2048] Keeping Black busy. Active counter play! A strong pair of Bishops.} Qh3+ 19. Kg1 Bb7 (19... c5 $16 {might work better.}) 20. Rd7 $18 Rab8 21. Qe4 {[%emt 0:02:58] [#] aiming for Bd3. The board is on fire.} Nf6 $2 (21... Bc8) 22. Bxf6 gxf6 23. Kf2 {[%emt 0:00:26] Prevents Qg3+.} Ba8 24. Rg1+ {[%emt 0:01:44] White mates.} Kh8 25. Qf4 f5 26. Qg5 {[%emt 0:00:42] Weighted Error Value: White=0.12 (very precise) /Black=0.78} 1-0

[Event "Austrian Championship 2022"]
[Site "Vienna"]
[Date "2022.08.15"]
[Round "4.22"]
[White "Kristoferitsch, Daniel"]
[Black "Miazhynski, Michael"]
[Result "1-0"]
[ECO "A58"]
[WhiteElo "2312"]
[BlackElo "1994"]
[Annotator "TA"]
[PlyCount "85"]
[EventDate "2022.08.12"]
[EventType "swiss"]
[EventCountry "AUT"]
[SourceTitle "playchess.com"]
[Source "ChessBase"]
[SourceQuality "1"]
[TimeControl "40/5400+30:1800+30"]

1. d4 Nf6 2. c4 c5 3. d5 b5 4. cxb5 a6 5. bxa6 g6 6. Nc3 {[%emt 0:00:05] A58: Benko/Volga Gambit: Lines with 5 bxa6.} Bg7 7. e4 O-O 8. a7 {[%emt 0:00:04] White is slightly better.} Rxa7 9. Nf3 e6 10. Be2 exd5 11. exd5 d6 12. O-O Na6 13. Nb5 Rd7 14. Bc4 Bb7 15. Qb3 Qa8 16. Rd1 Nc7 17. Nxc7 Rxc7 18. Bf4 Rd8 19. a4 Ba6 20. Nd2 Rb7 21. Qd3 Rb4 22. Bg5 Bxc4 23. Nxc4 {[%emt 0:00:10] [#]} Qa6 $146 (23... Rdb8 $11) ({Predecessor:} 23... Rxa4 24. Rac1 Rb8 25. Bxf6 Bxf6 26. Nxd6 Bxb2 27. Qf3 Qa7 28. Rc4 Ra1 29. Ne4 Qa2 {½-½ (57) Serikbay,A (2125)-Calzetta Ruiz,M (2235) Batumi 2018}) 24. b3 $36 {[%emt 0:01:30][%mdl 2048] [#] Black must now prevent Qf3. White is in control.} Rdb8 (24... Ra8 $16) 25. Ra3 Re8 26. Bd2 Rb7 27. Bc3 Rbe7 28. Kf1 (28. Raa1 $142) 28... Ng4 {[%emt 0:06:15] [#] Hoping for ...Re2.} 29. Bxg7 Kxg7 30. h3 Nh6 31. Ne3 Qa5 (31... Ra7 $142) 32. Qd2 ({White should try} 32. Raa1 $16) 32... Qa6+ ({Better is} 32... Qxd2 $14 33. Rxd2 Nf5) 33. Kg1 f5 (33... f6 $16 34. b4 cxb4 35. Qxb4 Nf7) 34. a5 f4 35. Nc4 Rf7 36. Re1 Rxe1+ 37. Qxe1 Nf5 38. Qe8 Qb7 $2 (38... Re7 39. Qd8 Rb7) 39. a6 $18 Qxd5 (39... Qa7 40. Ra2 f3 41. gxf3 h6) 40. a7 Ng3 41. Ra1 Qd3 42. a8=Q Ne2+ 43. Kh1 {[%emt 0:00:00] Weighted Error Value: White=0.09 (flawless) /Black=0.34} 1-0

[Event "Austrian Championship 2022"]
[Site "Vienna"]
[Date "2022.08.15"]
[Round "4.23"]
[White "Oberhuber, Alexander"]
[Black "Schnepp, Gunnar"]
[Result "0-1"]
[ECO "A29"]
[WhiteElo "2062"]
[BlackElo "2265"]
[Annotator "TA"]
[PlyCount "104"]
[EventDate "2022.08.12"]
[EventType "swiss"]
[EventCountry "AUT"]
[SourceTitle "playchess.com"]
[Source "ChessBase"]
[SourceQuality "1"]
[TimeControl "40/5400+30:1800+30"]

1. c4 e5 2. g3 Nf6 3. Bg2 d5 4. cxd5 Nxd5 5. Nc3 Nb6 6. Nf3 Nc6 7. O-O Be7 8. a3 a5 9. d3 Be6 10. Be3 Nd5 11. Nxd5 Bxd5 12. Rc1 O-O 13. Nd2 {[%emt 0:06:05] A29: English Opening: Four Knights Variation with 4 g3.} (13. Qa4 $14) 13... Bxg2 $11 14. Kxg2 Nd4 15. Bxd4 {[%emt 0:07:03] The position is equal.} exd4 {[%emt 0:02:13] [#]} 16. Qc2 $146 ({Predecessor:} 16. a4 Bg5 17. Rc4 Bxd2 18. Qxd2 Qd5+ 19. Kg1 c5 20. e4 dxe3 21. Qxe3 b6 22. Qe4 Qxe4 23. Rxe4 {½-½ (30) Zupe,M (2338)-Guid,M (2311) Slovenia 2011}) 16... Qd5+ 17. Nf3 c5 18. a4 Ra6 19. Qc4 Qc6 20. Qa2 Rb6 21. Kg1 Rb4 22. Rc4 Qe6 23. b3 Rb6 24. Re1 Qd5 25. Nd2 (25. e4 $11 Qe6 26. Qc2) 25... h5 26. Qc2 Re6 27. e4 dxe3 $1 28. Rxe3 Rxe3 29. fxe3 Bg5 30. Nf1 (30. e4 $11 {keeps the balance.} Be3+ 31. Kf1) 30... b6 $17 31. d4 (31. h4 $17 Bf6 32. Nd2) 31... cxd4 $19 32. exd4 {[%emt 0:00:49] [#]} (32. Qd3 $142) 32... Re8 (32... Bf6 $1 $19 {[%cal Rf6d4] has better winning chances.} 33. Qg2 Bxd4+ 34. Kh1 Qd7) 33. Qg2 $17 Re4 $36 {[%emt 0:00:39][%cal Be8e4,Be4d4,Bd4d5,Bd5d3,Bd3a3][%mdl 2080] Black has strong initiative. 0x0.001f25ac7491dp-1022s more active pieces.} 34. Rc8+ Kh7 35. Kh1 (35. Qf3 $17 Bf6 36. Nd2 Rxd4 37. Qxd5 Rxd5 38. Ne4) 35... g6 ({Weaker is} 35... Rxd4 36. Qxd5 Rxd5 37. Rc6) (35... Qxd4 $2 36. Rc4 $18) 36. h4 Bf6 37. Re8 Rxd4 38. Qxd5 Rxd5 $19 {[%emt 0:00:02][%mdl 4096] Endgame KRB-KRN} 39. Re4 (39. Re3 $142) 39... Rd3 40. b4 (40. Re3 {might work better.} Rd1 41. Rf3) 40... axb4 41. Rxb4 Bd4 42. Kg2 Kg7 43. Rb5 {[%emt 0:00:00] [#]} (43. Nh2 {keeps fighting.}) 43... Ra3 $1 44. Rb4 Ra2+ 45. Kh1 Bc5 46. Rc4 f5 47. Nh2 Ra1+ 48. Kg2 Rg1+ 49. Kh3 Bd6 50. Rc3 Kf6 51. Rf3 Ra1 52. g4 $2 (52. Rb3 Bc5 53. Nf3) 52... Rh1 {[%emt 0:01:23] Weighted Error Value: White=0.42/Black=0.15 (very precise)} 0-1

[Event "Austrian Championship 2022"]
[Site "Vienna"]
[Date "2022.08.15"]
[Round "4.24"]
[White "Fuchs, Patrick"]
[Black "Steiner, Adam"]
[Result "1/2-1/2"]
[ECO "B15"]
[WhiteElo "1990"]
[BlackElo "2226"]
[Annotator "TA"]
[PlyCount "111"]
[EventDate "2022.08.12"]
[EventType "swiss"]
[EventCountry "AUT"]
[SourceTitle "playchess.com"]
[Source "ChessBase"]
[SourceQuality "1"]
[TimeControl "40/5400+30:1800+30"]

1. e4 c6 2. Nc3 d5 3. Nf3 dxe4 4. Nxe4 Nf6 5. Nxf6+ exf6 6. Bc4 Bd6 7. Qe2+ Be7 8. O-O O-O 9. d4 Bd6 $1 {[%emt 0:00:07] The main line 9...Bd6 scores better than 9...Bg4. B15: Caro-Kann: 3 Nc3: 3...g6 and 3...dxe4 4 Nxe4 Nf6 5 Nxf6+ exf6.} 10. h3 Re8 11. Qd3 Nd7 {[%emt 0:14:19][%cal Bb8d7,Bd7f8,Bf8g6,Bg6f4][%mdl 32] [#]} 12. Bb3 $146 ({Predecessor:} 12. Bd2 Nb6 13. Bb3 a5 14. a4 Nd5 15. Rfe1 Be6 16. Rad1 Qd7 17. c4 Bf5 18. Qf1 {1-0 (43) Drazic,S (2303)-Audi,A (2418) Novi Sad 2022}) 12... Nf8 13. c4 (13. Bd2 {with more complications.} a5 14. a4 Bd7 15. Rae1) 13... a5 14. a4 b6 15. Rd1 Ra7 16. Bc2 Rae7 17. b3 Ng6 18. Bd2 f5 19. Re1 Nf4 20. Bxf4 Bxf4 21. Kf1 Bd6 22. Rxe7 Rxe7 23. Re1 Bb4 24. Rxe7 Qxe7 25. Qe2 $1 f6 26. Qxe7 Bxe7 $11 {[%emt 0:00:02][%mdl 4096] Endgame KBB-KBN} 27. Nh4 g6 28. f4 Kf7 29. Kf2 Ba3 30. g3 Ke6 31. Bd1 Kd6 32. Ng2 Bd7 33. Be2 Be6 34. Ke3 Kc7 35. Bf3 Bf7 36. Ne1 b5 37. Kd3 Be8 38. Bd1 Bc1 39. Ng2 Bb2 40. Ne3 Bc1 (40... b4 $11 {remains equal.}) 41. cxb5 (41. axb5 $16 h5 42. bxc6) 41... Bxe3 {[%emt 0:01:35] The position is equal.} 42. Kxe3 {[%emt 0:00:05] [#] Black must now prevent bxc6.} cxb5 43. axb5 Bxb5 $16 {[%emt 0:00:08] KB-KB} 44. Be2 a4 45. bxa4 ({Not} 45. Bxb5 $2 a3 46. Bc4 a2 $19) 45... Bxa4 46. Bc4 Be8 47. Bg8 h6 48. d5 Kd6 49. Kd4 Bd7 50. Bf7 g5 51. h4 Bc8 52. Bg6 Bb7 53. Bf7 Bc8 54. Bg8 Bb7 55. Be6 Ba8 56. Bc8 {[%emt 0:00:10] Weighted Error Value: White=0.06 (flawless) /Black=0.10 (very precise)} 1/2-1/2

[Event "Austrian Championship 2022"]
[Site "Vienna"]
[Date "2022.08.15"]
[Round "5.1"]
[White "Menezes, Christoph"]
[Black "Stanec, Nikolaus"]
[Result "1/2-1/2"]
[WhiteElo "2417"]
[BlackElo "2460"]
[Annotator "TA"]
[PlyCount "29"]
[EventDate "2022.08.12"]
[EventType "swiss"]
[EventCountry "AUT"]
[SourceTitle "playchess.com"]
[Source "ChessBase"]
[SourceQuality "1"]
[TimeControl "40/5400+30:1800+30"]

1. d4 Nf6 2. c4 e6 3. Nf3 Bb4+ 4. Bd2 Qe7 5. e3 Bxd2+ 6. Qxd2 d6 7. Bd3 {[%emt 0:04:32] E11: Bogo-Indian.} e5 {[%emt 0:00:59] [#] ...e4 is the strong threat.} 8. Bc2 Bg4 {[%emt 0:08:56] [#] A rather calm draw.} {Predecessor:} 9. Nc3 $146 Bxf3 10. gxf3 exd4 11. Qxd4 Nc6 12. Qd2 O-O-O 13. O-O-O g6 14. Qe2 Nb4 15. Bb1 {½-½ (23) Makhmutov,R (2450)-Tregubov,P (2560) Sochi 2021} 1/2-1/2

[Event "Austrian Championship 2022"]
[Site "Vienna"]
[Date "2022.08.15"]
[Round "5.1"]
[White "Mayrhuber, Nikola"]
[Black "Kordzadze, Nino"]
[Result "1-0"]
[ECO "A96"]
[WhiteElo "2141"]
[BlackElo "2043"]
[Annotator "NA RC"]
[PlyCount "49"]
[EventDate "2022.08.12"]
[EventType "swiss"]
[EventCountry "AUT"]
[SourceTitle "playchess.com"]
[Source "ChessBase"]
[SourceQuality "1"]
[TimeControl "40/5400+30:1800+30"]

1. d4 e6 2. c4 f5 3. g3 Nf6 4. Bg2 Be7 5. Nf3 d6 6. O-O O-O 7. b4 Ne4 8. Bb2 Qe8 9. Nc3 Qh5 10. Nd2 Ng5 11. h4 Nf7 12. e4 Qxd1 13. Raxd1 f4 14. gxf4 Nc6 15. Nf3 Nxb4 16. e5 Nh6 17. a3 Nc6 18. Nb5 Rxf4 19. Nxc7 Rb8 20. exd6 Bxd6 21. Nb5 Nf5 22. d5 exd5 23. cxd5 Nce7 24. Nxd6 Rxf3 25. Nxc8 1-0

[Event "Austrian Championship 2022"]
[Site "Vienna"]
[Date "2022.08.15"]
[Round "5.2"]
[White "Blohberger, Felix"]
[Black "Schreiner, Peter"]
[Result "1-0"]
[ECO "A73"]
[WhiteElo "2492"]
[BlackElo "2416"]
[Annotator "TA"]
[PlyCount "77"]
[EventDate "2022.08.12"]
[EventType "swiss"]
[EventCountry "AUT"]
[SourceTitle "playchess.com"]
[Source "ChessBase"]
[SourceQuality "1"]
[TimeControl "40/5400+30:1800+30"]

1. d4 Nf6 2. c4 c5 3. d5 g6 4. Nc3 Bg7 5. e4 O-O 6. Nf3 e6 7. Be2 d6 8. O-O exd5 9. cxd5 Na6 10. Nd2 Nc7 11. a4 b6 12. f4 {[%emt 0:10:21] A73: Modern Benoni: Classical: Unusual Black 9th moves.} (12. Nc4 $14) 12... Rb8 $11 13. Bf3 {[%emt 0:04:14] [#]} Ba6 $146 ({Predecessor:} 13... Re8 14. Re1 Qd7 15. h3 Ba6 16. Nf1 Rbd8 17. Bd2 Bd3 18. g4 h5 19. Kg2 Re7 20. Ng3 h4 21. Nh1 Rde8 22. Nf2 {1-0 (50) Muhammad,S (2300)-Au,L Los Angeles 1989}) 14. Re1 {[%emt 0:01:54] The position is equal.} Nd7 15. Kh1 Re8 16. Be2 Bb7 (16... Bxe2 $11 17. Rxe2 Qe7) 17. Nc4 $14 Nf6 18. Bf3 Ba6 {[%emt 0:01:12] Inhibits Nb5.} 19. Na3 Nd7 20. Nab5 Bxb5 21. axb5 c4 {[%emt 0:03:26] Prevents Qd3.} ({Black should try} 21... Bxc3 $14 22. bxc3 Nxb5) 22. Ra4 (22. Rxa7 Bxc3 23. bxc3 Nxb5 $15) (22. Qe2 $16) 22... a6 23. Rxc4 {[%emt 0:00:52] bxa6 is the strong threat.} Nc5 24. bxa6 b5 $2 {[%emt 0:02:56] [#] Loses the game.} (24... N7xa6 $16 {was worth a try.} 25. Nb5 Qd7) 25. Rxc5 $1 $18 dxc5 26. a7 Ra8 27. e5 {[%emt 0:07:22] And now d6 would win.} Rxa7 28. d6 Ne6 29. Be3 (29. Nxb5 Ra1 $16) 29... Qa5 30. Nd5 b4 31. Be2 b3 32. Bc4 Nd4 33. Bxd4 cxd4 34. Rf1 ({Don't take} 34. Bxb3 $6 Qc5 35. Ne7+ Rexe7 36. dxe7 Rxe7 $16) 34... Qc5 35. Qxb3 ({Resist} 35. Bxb3 $6 Rb8 $16) 35... Rea8 36. h3 Ra1 $2 (36... Kh8 37. Qd3 (37. Nc7 Rxc7 38. dxc7 Qxc7 $16) 37... Rc8) 37. Rxa1 Rxa1+ 38. Kh2 {[%emt 0:00:30] [#] White threatens Ne7+ and mate.} d3 39. Ne7+ {[%emt 0:00:30] Weighted Error Value: White=0.12 (very precise) /Black=0.64} 1-0

[Event "Austrian Championship 2022"]
[Site "Vienna"]
[Date "2022.08.15"]
[Round "5.2"]
[White "Stadlinger, Matthias"]
[Black "Jethan, Martin"]
[Result "1/2-1/2"]
[ECO "B12"]
[WhiteElo "1975"]
[BlackElo "2103"]
[Annotator "NA RC"]
[PlyCount "27"]
[EventDate "2022.08.12"]
[EventType "swiss"]
[EventCountry "AUT"]
[SourceTitle "playchess.com"]
[Source "ChessBase"]
[SourceQuality "1"]
[TimeControl "40/5400+30:1800+30"]

1. e4 c6 2. d4 d5 3. f3 dxe4 4. fxe4 e5 5. Nf3 Be6 6. c3 Nd7 7. Bd3 Bd6 8. O-O f6 9. Be3 Ne7 10. Qc2 Qc7 11. Nbd2 Bf7 12. Nc4 O-O 13. Rae1 Ng6 14. h4 1/2-1/2

[Event "Austrian Championship 2022"]
[Site "Vienna"]
[Date "2022.08.15"]
[Round "5.3"]
[White "Borrmann, Laurenz"]
[Black "Horvath, Dominik"]
[Result "0-1"]
[ECO "C50"]
[WhiteElo "2274"]
[BlackElo "2488"]
[Annotator "TA"]
[PlyCount "40"]
[EventDate "2022.08.12"]
[EventType "swiss"]
[EventCountry "AUT"]
[SourceTitle "playchess.com"]
[Source "ChessBase"]
[SourceQuality "1"]
[TimeControl "40/5400+30:1800+30"]

1. e4 e5 2. Nf3 Nc6 3. Bc4 Nf6 4. d3 Bc5 5. a4 O-O 6. O-O {[%emt 0:00:12] C50: Hungarian Defence and Giuoco Pianissimo.} a5 7. c3 d5 8. exd5 {[%emt 0:00:08] White is slightly better.} Nxd5 9. Re1 Bg4 10. h3 Bh5 11. Nbd2 Nb6 12. Bb3 Qxd3 13. Nxe5 Qf5 {[%emt 0:00:02] Dancing on a razor blade.} 14. Nef3 $1 ({Not} 14. Ndf3 $2 Nxe5 15. Rxe5 Qxe5 16. Nxe5 Bxd1 17. Bxd1 Rfe8 $19) 14... Rad8 {[%emt 0:00:18] [#]} 15. g4 $146 (15. Qe2 $5 ) ({Predecessor:} 15. Qe2 Qc8 16. Ne4 Be7 17. Bf4 Rfe8 18. Qb5 Bg6 19. Neg5 Bf6 20. Nh4 Bxg5 21. Qxg5 {1-0 (48) Firouzja,A (2804)-Aronian,L (2772) Warsaw 2021}) 15... Bxg4 16. hxg4 Qxg4+ 17. Kh1 $1 Qh3+ ({Don't take} 17... Bxf2 18. Nh2 Qxd1 19. Rxd1 $14) 18. Kg1 $2 (18. Nh2 $11 {and White is okay.} Bd6 19. f4) 18... Rd6 $19 {[%emt 0:03:46] [#] ( -> ...Rg6+). Black is clearly winning.} 19. Ne4 Rxd1 20. Bxd1 Bd6 {[%emt 0:02:10] Weighted Error Value: White=0.41/Black=0.05 (flawless)} 0-1

[Event "Austrian Championship 2022"]
[Site "Vienna"]
[Date "2022.08.15"]
[Round "5.3"]
[White "Balint, Peter"]
[Black "Tumanyan, Gor"]
[Result "1/2-1/2"]
[ECO "B38"]
[WhiteElo "2051"]
[BlackElo "1884"]
[Annotator "NA RC"]
[PlyCount "119"]
[EventDate "2022.08.12"]
[EventType "swiss"]
[EventCountry "AUT"]
[SourceTitle "playchess.com"]
[Source "ChessBase"]
[SourceQuality "1"]
[TimeControl "40/5400+30:1800+30"]

1. e4 c5 2. Nf3 g6 3. d4 cxd4 4. Nxd4 Bg7 5. c4 Nc6 6. Be3 Nf6 7. Nc3 O-O 8. Be2 d6 9. O-O Bd7 10. Qd2 Nxd4 11. Bxd4 Bc6 12. f3 Nd7 13. Be3 a5 14. b3 Nc5 15. Rab1 Qc7 16. Rfc1 Rfc8 17. Bf1 Qd8 18. Rc2 h5 19. a3 Kh7 20. b4 axb4 21. axb4 Na4 22. Ne2 Bd7 23. Nd4 Nb6 24. Be2 Ra3 25. Qc1 Rca8 26. Nb3 Rxb3 27. Rxb3 Ba4 28. Qb1 Nd7 29. f4 Bxb3 30. Qxb3 Ra1+ 31. Kf2 e5 32. g3 exf4 33. Bxf4 Bd4+ 34. Be3 Qf6+ 35. Kg2 Bxe3 36. Qxe3 Ne5 37. Qd4 Re1 38. Qc3 Ng4 39. Qxf6 Nxf6 40. c5 dxc5 41. bxc5 Nxe4 42. Bf3 Kg7 43. c6 bxc6 44. Bxe4 Rxe4 45. Rxc6 h4 46. Kf3 Ra4 47. Rc2 Kf6 48. Rb2 Kg5 49. Rc2 Ra3+ 50. Kg2 Ra4 51. Kf3 f5 52. Rd2 Kh5 53. Rc2 g5 54. Rb2 Ra3+ 55. Kg2 f4 56. gxf4 h3+ 57. Kf2 gxf4 58. Rb8 Ra2+ 59. Kf3 Rxh2 60. Kxf4 1/2-1/2

[Event "Austrian Championship 2022"]
[Site "Vienna"]
[Date "2022.08.15"]
[Round "5.4"]
[White "Shengelia, David"]
[Black "Leisch, Lukas"]
[Result "1/2-1/2"]
[ECO "E14"]
[WhiteElo "2462"]
[BlackElo "2404"]
[Annotator "TA"]
[PlyCount "119"]
[EventDate "2022.08.12"]
[EventType "swiss"]
[EventCountry "AUT"]
[SourceTitle "playchess.com"]
[Source "ChessBase"]
[SourceQuality "1"]
[TimeControl "40/5400+30:1800+30"]

1. Nf3 d5 2. e3 Nf6 3. c4 e6 4. Nc3 b6 5. b3 Bb7 6. Bb2 Nbd7 7. d4 a6 8. Bd3 Bd6 9. O-O O-O 10. a4 {[%emt 0:00:09] E14: Queen's Indian: Classical Variation (4 e3).} c5 11. cxd5 {[%emt 0:00:27] [#]} Nxd5 $146 ({Predecessor:} 11... exd5 12. Qe2 Re8 13. Rfd1 Qe7 14. Rac1 Ne4 15. Bb1 Rad8 16. h3 Ndf6 17. a5 bxa5 {1-0 (43) Anton Guijarro,D (2650)-Zhigalko,S (2671) Tallinn 2016}) 12. Nxd5 Bxd5 13. e4 Bb7 14. Qe2 cxd4 15. Nxd4 Qb8 16. g3 Ne5 17. Bc2 Rd8 18. Rac1 Qa7 19. Qh5 Ng6 20. Nf3 f6 {[%emt 0:00:00] Prevents Ng5.} 21. Rfd1 e5 22. Qh3 Bc8 {[%emt 0:00:00] Prevents Qe6+.} 23. Qf1 Be6 24. Rd3 Be7 25. Rc3 Bb4 26. Rc6 (26. Rd3 $15) 26... Nf8 ({Black should play} 26... Bf7 $1 $17 {White must now prevent ...Bc5.} 27. Bd3 Bc5 28. R1xc5 (28. Bc4 Qd7 $17) 28... bxc5 29. Rxa6 Qb7 30. Rxa8 Qxa8) 27. Bd3 $11 Bc5 28. b4 (28. Bc4 $11 {keeps the balance.} Qd7 29. Rxe6 Nxe6 30. Qh3) 28... Qd7 $17 (28... Bxb4 29. Bc4 Qf7 30. Bxe6 (30. Rxb6 Bxc4 31. Qxc4 Qxc4 $11) (30. Bxa6 Bc5 $15) 30... Nxe6 31. Qc4 $11 (31. Rxb6 a5 $11)) 29. Rxe6 Nxe6 30. Bc4 Bxb4 31. Bxe5 Kh8 $1 $19 (31... fxe5 32. Ng5 Re8 33. Bxe6+ (33. Qh3 h6 $11) 33... Rxe6 34. Qh3 $11) 32. Bb2 Bc5 33. e5 (33. Qe2 $17 {was called for.}) 33... Nd4 (33... Ng5 $1 $19 34. Nxg5 fxg5) 34. Bxd4 Bxd4 35. e6 Qxa4 (35... Qb7 $17 36. Nxd4 Rxd4) 36. e7 $11 Rd7 (36... Bxf2+ $1 $11 {remains equal.} 37. Qxf2 (37. Kxf2 Re8 $11) 37... Rd1+ 38. Rxd1 Qxd1+ 39. Kg2 Qd6) 37. Nh4 (37. Qe2 $16 Re8 38. Bf7 (38. Nxd4 Qa3 $11) 38... Rdxe7 39. Qxe7 $3 Rxe7 40. Rc8+ Re8 41. Rxe8+ Qxe8 42. Bxe8) 37... g6 $1 (37... Rxe7 $2 {leads to mate.} 38. Ng6+ $1 hxg6 39. Qh3#) 38. Qh3 $1 Qa3 $2 (38... Bxf2+ $11 39. Kxf2 Rd2+ 40. Ke3 Rd7 41. Nxg6+ Kg7) 39. Qxd7 $2 (39. Nxg6+ {mates} Kg7 40. Qxd7 Kxg6 41. Re1 Qc5 42. e8=Q+ Rxe8 43. Bd3+ Re4 44. Rxe4) 39... Qxc1+ 40. Kg2 $2 {[%emt 0:00:01] Active counter play!} (40. Bf1 $11 {and White is okay.} Bxf2+ 41. Kxf2) 40... Qxc4 $19 41. e8=Q+ Rxe8 42. Qxe8+ {[%emt 0:00:02][%mdl 4096] Endgame KQB-KQN} Qg8 43. Qe7 b5 44. Nf3 Bc3 45. Qb7 (45. Nd2 $142) 45... b4 46. Qxa6 Qd5 {[%emt 0:00:00] Inhibits Qc6.} 47. Qc8+ {[%emt 0:00:00] [#]} Kg7 $1 {[%emt 0:00:00] aiming for ...Be5.} 48. Qc7+ Qf7 (48... Kf8 $19 {Strongly threatening ...Ke8.} 49. Qc8+ Kg7 50. Qc7+ Kh6) 49. Qc6 $17 h6 50. Ng1 $2 {[%emt 0:00:00] [#]} (50. h4 $17) 50... f5 $1 $19 51. Ne2 Be5 (51... Bf6 $19 {and Black stays clearly on top. And now ...b3 would win.} 52. Nf4 b3) 52. Nc1 $17 Bf6 53. Qb5 $1 Qe7 {[%emt 0:00:00] Hoping for ...Qe4+.} 54. Nd3 Qe4+ 55. Kg1 Bd4 56. Qd7+ (56. Qxb4 $5 g5 57. Qb5 $11) 56... Kg8 {[%emt 0:00:00] ...b3 is the strong threat.} 57. Qd8+ Kh7 58. Qd7+ Kg8 (58... Bg7 $15 59. Qb5 Qe2) 59. Qd8+ $11 Kh7 (59... Kf7 $11) 60. Qd7+ {[%emt 0:00:00] Whites escaped into a draw.  Weighted Error Value: White=0.41/Black=0.36} 1/2-1/2